 Dungeon Crawl Stone Soup version 0.30-a0-313-gae38170b09 (webtiles) character file.

Game seed: 10959492996186345358

145248 SmokeWeed the Peltast (level 16, -11/124 HPs)
             Began as a Demonspawn Gladiator on Oct 20, 2022.
             Was the Champion of Qazlal.
             Killed from afar by a salamander tyrant (19 damage)
             ... on level 4 of the Snake Pit on Oct 26, 2022.
             The game lasted 04:24:00 (27698 turns).

SmokeWeed the Peltast (Demonspawn Gladiator)       Turns: 27698, Time: 04:24:01

Health: -11/124    AC: 24    Str: 22    XL:     16   Next: 86%
Magic:  21/24      EV: 10    Int: 11    God:    Qazlal [******]
Gold:   964        SH: 29    Dex: 14    Spells: 20/23 levels left

rFire   + . .      SeeInvis +    d - +2 scimitar (freeze)
rCold   . . .      Faith    .    i - +2 kite shield {reflect}
rNeg    . . .      Spirit   .    K - +2 plate armour
rPois   .          Reflect  +    L - +0 helmet
rElec   .          Harm     .    m - +0 cloak
rCorr   .          Rampage  .    C - +2 pair of gloves
Will    ++...                    k - +0 pair of boots
Stlth   ..........               x - amulet of reflection
HPRegen 0.40/turn                O - ring of see invisible
MPRegen 0.19/turn                Y - +4 ring of slaying

@: weakened, protected from fire, invisible, repel missiles
A: repulsion field 1, demonic guardian 2, spiny 3, demonic willpower
a: Renounce Religion, Upheaval, Elemental Force, Disaster Area


You were on level 4 of the Snake Pit.
You worshipped Qazlal.
Qazlal was exalted by your worship.
You visited 5 branches of the dungeon, and saw 21 of its levels.
You also visited: Sewer.

You collected 1610 gold pieces.
You spent 646 gold pieces at shops.

Inventory:

Hand Weapons
 d - a +2 scimitar of freezing (weapon)
 o - the +9 halberd of Upheaval {chaos, +Blink rC+ Will+ Str-3}
   (You found it on level 7 of the Dungeon)

   Each time it hits an enemy it has a different, random effect.
   Str:       It affects your strength (-3).
   rC:        It protects you from cold.
   +Blink:    It lets you blink.
   Will:      It increases your willpower.
 q - a +3 great mace of draining
 y - a +2 vorpal scimitar
Missiles
 f - 19 poisoned darts
 h - 2 boomerangs (quivered)
 n - 54 stones
 s - 3 atropa-tipped darts
 D - 7 curare-tipped darts
Armour
 i - a +2 kite shield of reflection (worn)
 j - a +2 tower shield of poison resistance
 k - a +0 pair of boots (worn)
 m - a +0 cloak (worn)
 C - a +2 pair of gloves (worn)
 I - an orb of mayhem
 K - a +2 plate armour (worn)
 L - a +0 helmet (worn)
Jewellery
 p - a ring of wizardry
 x - an amulet of reflection (around neck)
 H - a ring of protection from fire
 O - a ring of see invisible (left hand)
 R - a ring of flight
 T - a ring of magical power
 U - a ring of positive energy
 V - an amulet of faith
 Y - a +4 ring of slaying (right hand)
Wands
 l - a wand of flame (8)
 r - a wand of iceblast (2)
 v - a wand of polymorph (7)
 z - a wand of acid (3)
 M - a wand of charming (8)
 Q - a wand of mindburst (12)
Scrolls
 b - a scroll of brand weapon
 e - 2 scrolls of identify
 u - 7 scrolls of teleportation
 w - a scroll of butterflies
 A - a scroll of magic mapping
 W - 3 scrolls of summoning
 X - a scroll of poison
 Z - 2 scrolls of fear
Potions
 a - a potion of might
 c - a potion of invisibility
 g - 3 potions of cancellation
 t - 3 potions of brilliance
 B - a potion of resistance
 G - a potion of attraction {unknown}
 J - 2 potions of haste
 N - 4 potions of ambrosia
 P - 2 potions of flight


   Skills:
 * Level 10.7 Fighting
 + Level 0.6(8.9) Short Blades
 + Level 13.7 Long Blades
 + Level 10.0 Throwing
 * Level 10.6 Armour
 + Level 4.5 Dodging
 + Level 2.3 Stealth
 + Level 16.2 Shields
 + Level 4.0 Spellcasting
 + Level 3.9 Air Magic
 + Level 11.0 Invocations
 + Level 8.3 Evocations


You had 20 spell levels left.
You knew the following spells:

 Your Spells              Type           Power      Damage    Failure   Level
a - Swiftness             Air            10%        N/A       97%         3

Your spell library contained the following spells:

 Spells                   Type           Power      Damage    Failure   Level
 Freeze                   Ice            8%         1d3       99%         1
 Ensorcelled Hibernation  Hex/Ice        4%         N/A       100%        2
 Passwall                 Tmut/Erth      1%         N/A       100%        2
 Scorch                   Fire           4%         2d5       100%        2
 Call Canine Familiar     Summ           2%         N/A       100%        3
 Dazzling Flash           Conj/Hex       4%         N/A       100%        3
 Frozen Ramparts          Ice            4%         1d1       100%        3
 Hailstorm                Conj/Ice       2%         3d3       100%        3
 Portal Projectile        Hex/Tloc       4%         N/A       100%        3
 Flame Wave               Conj/Fire      2%         2d4       100%        4
 Iskenderun's Mystic Bla  Conj/Tloc      2%         2d3       100%        4
 Leda's Liquefaction      Hex/Erth       1%         N/A       100%        4
 Blade Hands              Tmut           1%         N/A       100%        5
 Freezing Cloud           Conj/Ice/Air   2%         6-21      100%        5
 Irradiate                Conj/Tmut      1%         3d12      100%        5
 Lee's Rapid Deconstruct  Erth           1%         3d4*      100%        5
 Simulacrum               Ice/Necr       1%         N/A       100%        6
 Starburst                Conj/Fire      1%         6d3       100%        6
 Statue Form              Tmut/Erth      1%         N/A       100%        6
 Summon Cactus Giant      Summ           1%         N/A       100%        6
 Dragon Form              Tmut           1%         N/A       100%        7
 Polar Vortex             Ice            1%         N/A       100%        9


Dungeon Overview and Level Annotations

Branches:
Dungeon (10/15)            Temple (1/1) D:6            Lair (5/5) D:8
  Swamp (1/4) Lair:2        Snake (4/4) Lair:2        Slime (0/5) Lair:4
  Sewer (visited)
    Orc: D:9-12

Altars:
Ashenzari
Cheibriados
Dithmenos
Fedhas
Gozag
Hepliaklqana
Kikubaaqudgha
Nemelex Xobeh
Okawaru
Qazlal
Ru
Sif Muna
Trog
Vehumet
Wu Jian
Xom

Shops:
D:3 (   D:4 !(?**   Snake:3 ??   Snake:4 =

Annotations:
Lair:3 3 runed translucent doors, Taurus's ghost, journeyman MiFi


Innate Abilities, Weirdness & Mutations

You are surrounded by a mild repulsion field. (EV +2)
A demonic guardian rushes to your aid.
You are completely covered in sharp spines.
You punish those that try to bend your will. (Will+)


Message History

The blast of magma engulfs the guardian serpent!!
The guardian serpent hits your orange demon!!
The nagaraja is engulfed in blazing flames.
You block the salamander's attack.
The guardian serpent coils itself and waves its upper body at your orange demon.
The bolt of poison hits your orange demon!!
Your orange demon is poisoned.
Your orange demon dies!
Your orange demon disappears in a puff of smoke!
You block the salamander's attack.
You block the guardian serpent's attack.
The salamander is struck by your spines.
The salamander hits you but does no damage.
The nagaraja shouts!
The nagaraja hits you with a +1 vorpal halberd!
* * * LOW HITPOINT WARNING * * *
x2 You block the salamander's attack.
You feel much better. You block the salamander's attack.
The nagaraja mumbles some strange words.
The nagaraja seems to speed up.
The salamander tyrant rends the earth beneath you!
The blast of magma engulfs the nagaraja!!
The nagaraja dies!
The blast of magma engulfs you!
You feel protected from fire.
* * * LOW HITPOINT WARNING * * *
The blast of magma engulfs the salamander tyrant!!
The salamander tyrant partially resists.
The blast of magma engulfs the salamander!
The salamander partially resists.
The salamander hits you but does no damage.
As you read the scroll of fear, it crumbles to dust.
You assume a fearsome visage.
The salamander tyrant looks frightened!
The guardian serpent looks frightened!
The salamander looks frightened! x2
The guardian serpent looks frightened!
The salamander is engulfed in freezing vapours.
The salamander tyrant rends the earth beneath you!
The blast of magma engulfs you!! You partially resist.
You feel more protected from fire.
You die...

..... ##§§§###...........
.... ###..|..###.......#..
... #.).§≈≈...##......#..
.. #.#..≈≈§..#.#.........
. # #..≈≈§..# #.........
#.#.)§≈§..#.#.........
#...≈≈≈...##.........
###.....###..........
#######@#'########......
###.##N○...§...##.###.....
##..#....≈)°......# ##....
##...SS#.○°†○....#...
##...
#....#.N.§.........#. #...
#..##.###N..§...###.# #...
#))#### ##.≈≈≈.## # ##..
#))## ##≈≈≈## ### #(.#
#####


You could see a salamander tyrant (wandering, unable to see you), 2 salamanders
and 2 guardian serpents.

Vanquished Creatures
  Vashnia (Snake:3)
  5 nagarajas
  A bunyip (Swamp:1)
  Snorg (Lair:5)
  A fire dragon (Lair:5)
  A boulder beetle (Lair:5)
  A catoblepas (Lair:3)
  6 salamander tyrants
  14 anacondas
  A two-headed ogre (D:6)
  2 hydras (Lair:4)
  10 death yaks
  19 naga warriors
  5 shock serpents
  16 naga sharpshooters
  6 salamander mystics
  3 naga ritualists
  3 sea snakes (Snake:4)
  A lindwurm (Lair:5)
  Pikel (D:8)
  11 mana vipers
  A will-o-the-wisp (Swamp:1)
  39 black mambas
  27 salamanders
  10 elephants
  9 torpor snails
  7 guardian serpents
  15 cane toads
  21 naga magi
  13 komodo dragons
  3 rime drakes
  A queen bee (Lair:1)
  A troll (D:6)
  7 hornets (Lair:5)
  A polar bear (Lair:5)
  2 slime creatures (Lair:4)
  4 tyrant leeches
  Grinder (D:5)
  5 blink frogs (Lair:4)
  5 dream sheep (Lair:5)
  36 yaks
  2 basilisks
  5 wyverns
  A steam dragon (D:8)
  2 vampire mosquitoes (Swamp:1)
  2 wargs (D:8)
  49 nagas
  3 swamp worms
  19 water moccasins
  2 black bears
  3 ice beasts
  2 sky beasts
  Duvessa (D:7)
  3 orc warriors
  A centaur (D:6)
  18 wolves
  An ogre (D:7)
  A phantom (D:6)
  A kobold brigand (D:7)
  2 scorpions
  14 bullfrogs
  A cane toad simulacrum (Lair:3)
  4 necrophages
  A wight (D:6)
  Dowan (D:7)
  28 killer bees
  An electric eel (Lair:3)
  3 howler monkeys (D:8)
  4 orc priests
  4 hounds
  5 jellies
  A gnoll bouda (D:7)
  7 iguanas
  6 orc wizards
  3 wolf simulacra (Lair:3)
  12 gnolls
  7 river rats
  20 adders
  A shadow imp (D:6)
  An ufetubus (D:5)
  2 worms
  4 dart slugs
  27 orcs
  5 bats
  4 endoplasms
  A giant cockroach (D:3)
  6 hobgoblins
  4 jackals (D:4)
  2 quokkas (D:3)
  18 ball pythons
  4 frilled lizards
  9 goblins
  17 kobolds
  29 rats
  A bush (Lair:3)
692 creatures vanquished.

Vanquished Creatures (collateral kills)
  A hydra (Lair:4)
  A death yak (Lair:5)
  A naga warrior (Snake:2)
  A shock serpent (Snake:4)
  A naga ritualist (Snake:1)
  An oklob plant (Lair:3)
  6 salamanders
  5 elephants
  3 naga magi
  A black mamba (Snake:3)
  A komodo dragon (Lair:5)
  A tyrant leech (Lair:5)
  3 nagas
26 creatures vanquished.

Vanquished Creatures (others)
  A nagaraja (Snake:4)
  A mana viper (Snake:1)
  A bloated husk (Swamp:1)
  12 foxfires (Swamp:1)
  9 fungi
  27 plants
51 creatures vanquished.

Grand Total: 769 creatures vanquished

Notes
Turn   | Place    | Note
-------+----------+-------------------------------------------
     0 | D:1      | SmokeWeed the Demonspawn Gladiator began the quest for the
                  | Orb.
     0 | D:1      | Reached XP level 1. HP: 16/16 MP: 1/1
   198 | D:1      | Gained mutation: You are surrounded by a mild repulsion
                  | field. (EV +2) [demonic ancestry]
   198 | D:1      | Reached XP level 2. HP: 7/22 MP: 2/2
   699 | D:2      | Reached XP level 3. HP: 28/28 MP: 3/3
   776 | D:2      | Found a faded altar of an unknown god.
   992 | D:2      | Reached skill level 1 in Armour
  1136 | D:2      | Reached XP level 4. HP: 26/34 MP: 4/4
  1678 | D:3      | Found a glowing drain.
  1709 | Sewer    | Entered a sewer
  1784 | Sewer    | Gained mutation: You are partially covered in sharp spines.
                  | [demonic ancestry]
  1784 | Sewer    | Reached XP level 5. HP: 15/39 MP: 5/5
  1957 | Sewer    | Reached skill level 1 in Shields
  2141 | Sewer    | Gained mutation: A weak demonic guardian rushes to your
                  | aid. [demonic ancestry]
  2141 | Sewer    | Reached XP level 6. HP: 39/47 MP: 6/6
  2471 | D:3      | Found Coug's Weapon Shop.
  2867 | D:4      | Reached skill level 5 in Long Blades
  2895 | D:4      | Found Tenoch's General Store.
  2920 | D:4      | Reached skill level 2 in Shields
  2943 | D:4      | Gained mutation: You are mostly covered in sharp spines.
                  | [demonic ancestry]
  2943 | D:4      | Reached XP level 7. HP: 36/52 MP: 7/7
  3044 | D:4      | Found Meimaig's Magic Scroll Emporium.
  3068 | D:4      | Found Cejinn's Distillery.
  3166 | D:4      | Found Ilerr's Assorted Antiques.
  3172 | D:4      | Bought a pair of embroidered gloves for 172 gold pieces
  3427 | D:4      | Found Vawk's Antique Weapon Emporium.
  3606 | D:5      | Entered Level 5 of the Dungeon
  3832 | D:5      | Noticed Grinder
  3843 | D:5      | Killed Grinder
  3844 | D:5      | Reached XP level 8. HP: 49/60 MP: 8/8
  3911 | D:5      | Reached skill level 3 in Shields
  4070 | D:5      | Found an ornate altar of the Wu Jian Council.
  4288 | D:6      | Reached skill level 1 in Evocations
  4296 | D:6      | HP: 3/60 [orc priest/divine providence (13)]
  4297 | D:6      | Noticed a two-headed ogre
  4298 | D:6      | Found a staircase to the Ecumenical Temple.
  4377 | Temple   | Entered the Ecumenical Temple
  4388 | Temple   | Became a worshipper of Qazlal Stormbringer
  4806 | D:6      | Reached XP level 9. HP: 64/66 MP: 9/9
  4875 | D:6      | Noticed a troll
  4881 | D:6      | Killed a troll
  4882 | D:6      | Reached skill level 4 in Shields
  4940 | D:6      | Killed a two-headed ogre
  4941 | D:6      | Reached skill level 5 in Fighting
  4941 | D:6      | Reached skill level 1 in Stealth
  5144 | D:6      | Found a shadowy altar of Dithmenos.
  5195 | D:6      | Reached skill level 5 in Throwing
  5566 | D:7      | Identified the +9 halberd of Upheaval {chaos, +Blink rC+
                  | Will+ Str-3}
  5586 | D:7      | Reached * piety under Qazlal
  5849 | D:7      | Reached skill level 5 in Shields
  5983 | D:7      | Reached XP level 10. HP: 46/74 MP: 10/10
  6126 | D:7      | Noticed Duvessa
  6126 | D:7      | Noticed Dowan
  6135 | D:7      | Killed Duvessa
  6137 | D:7      | Reached ** piety under Qazlal
  6143 | D:7      | Killed Dowan
  6300 | D:7      | Found a shimmering blue altar of Sif Muna.
  6482 | D:7      | Upgraded the game from 0.30-a0-297-g0ec75d9ef4 to
                  | 0.30-a0-304-gdc4b735fe1
  6518 | D:8      | Reached skill level 6 in Shields
  6727 | D:8      | You fall into a shaft and drop 2 floors!
  6727 | D:10     | Entered Level 10 of the Dungeon
  6841 | D:8      | Reached skill level 7 in Shields
  7207 | D:8      | Found a staircase to the Lair.
  7235 | D:8      | Noticed Pikel
  7247 | D:8      | Killed Pikel
  7570 | Lair:1   | Entered Level 1 of the Lair of Beasts
  7633 | Lair:1   | Noticed an elephant
  7634 | Lair:1   | Noticed an elephant
  7635 | Lair:1   | Reached skill level 5 in Armour
  7635 | Lair:1   | Reached skill level 8 in Shields
  7637 | Lair:1   | Noticed an elephant
  7637 | Lair:1   | Noticed an elephant
  7637 | Lair:1   | Noticed an elephant
  7637 | Lair:1   | Noticed an elephant
  7648 | Lair:2   | Gained mutation: You are completely covered in sharp
                  | spines. [demonic ancestry]
  7648 | Lair:2   | Reached XP level 11. HP: 47/81 MP: 11/11
  7652 | Lair:2   | Reached *** piety under Qazlal
  7903 | D:8      | Upgraded the game from 0.30-a0-304-gdc4b735fe1 to
                  | 0.30-a0-310-g7d6cbdfea6
  7931 | Lair:1   | Reached skill level 10 in Long Blades
  7933 | Lair:1   | Reached skill level 9 in Shields
  8147 | Lair:1   | Reached skill level 10 in Shields
  8728 | Lair:1   | Reached skill level 11 in Shields
  8740 | Lair:1   | Reached **** piety under Qazlal
  9305 | Lair:2   | Found a staircase to the Snake Pit.
  9344 | Lair:2   | Gained mutation: A demonic guardian rushes to your aid.
                  | [demonic ancestry]
  9344 | Lair:2   | Reached XP level 12. HP: 89/89 MP: 12/12
  9708 | Lair:2   | Found a staircase to the Swamp.
 10444 | Lair:3   | Reached skill level 12 in Shields
 10641 | Lair:3   | Noticed a catoblepas
 10651 | Lair:3   | Killed a catoblepas
 10866 | Lair:3   | Reached skill level 1 in Invocations
 11039 | Lair:3   | Found a runed translucent gate.
 11039 | Lair:3   | Found a runed translucent gate.
 11039 | Lair:3   | Found a runed translucent gate.
 11049 | Lair:3   | Reached ***** piety under Qazlal
 11054 | Lair:3   | Noticed a death yak
 11072 | Lair:3   | Killed a death yak
 11142 | Lair:3   | Reached skill level 13 in Shields
 11446 | Lair:3   | Noticed Taurus's ghost (journeyman MiFi)
 11754 | Lair:3   | Found the +8 whip "Snakebite" {venom, curare, rPois}
 12425 | Lair:4   | Noticed a four-headed hydra
 12430 | Lair:4   | Reached XP level 13. HP: 96/96 MP: 15/15
 12432 | Lair:5   | Entered Level 5 of the Lair of Beasts
 13078 | Lair:4   | Upgraded the game from 0.30-a0-310-g7d6cbdfea6 to
                  | 0.30-a0-311-gf115ab0292
 13295 | Lair:4   | Found a staircase to the Slime Pits.
 13369 | Lair:4   | Reached skill level 5 in Invocations
 14036 | Lair:4   | Reached skill level 14 in Shields
 14774 | Lair:5   | Noticed Snorg
 14791 | Lair:5   | Killed Snorg
 14830 | Lair:5   | Gained mutation: You punish those that try to bend your
                  | will. (Will+) [demonic ancestry]
 14830 | Lair:5   | Reached XP level 14. HP: 98/104 MP: 18/18
 15023 | Lair:5   | Found a runed translucent door.
 15209 | Lair:5   | Reached skill level 5 in Evocations
 15394 | Lair:5   | Paralysed by a hornet for 3 turns
 16544 | Swamp:1  | Entered Level 1 of the Swamp
 16763 | Lair:2   | Upgraded the game from 0.30-a0-311-gf115ab0292 to
                  | 0.30-a0-313-gae38170b09
 17059 | Snake:1  | Entered Level 1 of the Snake Pit
 18351 | Snake:1  | Reached skill level 15 in Shields
 18414 | Snake:1  | Reached ****** piety under Qazlal
 19515 | Snake:2  | Reached XP level 15. HP: 77/112 MP: 21/21
 20555 | Snake:2  | Noticed a nagaraja
 20570 | Snake:2  | Killed a nagaraja
 21111 | Snake:2  | Learned a level 3 spell: Swiftness
 22306 | Snake:3  | Found Ipyudghoss's Magic Scroll Boutique.
 22322 | Snake:3  | Noticed Vashnia
 22345 | Snake:3  | Killed Vashnia
 22617 | Snake:3  | Bought a scroll of brand weapon for 133 gold pieces
 22617 | Snake:3  | Bought a scroll of brand weapon for 133 gold pieces
 22617 | Snake:3  | Bought a scroll of identify for 28 gold pieces
 23285 | Snake:3  | Noticed a nagaraja
 23304 | Snake:3  | Killed a nagaraja
 23305 | Snake:3  | Reached skill level 10 in Invocations
 23638 | Snake:3  | Noticed a nagaraja
 23644 | Snake:3  | Killed a nagaraja
 23645 | Snake:3  | Reached skill level 10 in Armour
 23821 | Snake:3  | Reached XP level 16. HP: 27/122 MP: 23/23
 24167 | Snake:3  | Found Tued's Magic Scroll Boutique.
 24172 | Snake:3  | Bought a scroll of blinking for 90 gold pieces
 24172 | Snake:3  | Bought a scroll of enchant armour for 90 gold pieces
 24365 | Snake:3  | Reached skill level 10 in Fighting
 24529 | Snake:3  | Reached skill level 10 in Throwing
 25135 | Snake:4  | Entered Level 4 of the Snake Pit
 25164 | Snake:3  | HP: 5/122 [salamander/+0 spear (4)]
 25450 | Snake:3  | Reached skill level 16 in Shields
 26379 | Snake:4  | Found a sparkling altar of Nemelex Xobeh.
 26547 | Snake:4  | Found Iwkinoac's Jewellery Boutique.
 26645 | Snake:4  | Reached skill level 1 in Spellcasting
 26646 | Snake:4  | Reached skill level 1 in Air Magic
 26682 | Snake:3  | HP: 6/123 [poisoned by a nagaraja (poison arrow)]
 26687 | Snake:3  | HP: 3/123 [poisoned by a nagaraja (poison arrow)]
 27105 | Snake:4  | HP: 5/123 [salamander mystic/bolt of magma (23)]
 27695 | Snake:4  | HP: 5/124 [nagaraja/+1 vorpal halberd (15)]
 27695 | Snake:4  | HP: 1/124 [nagaraja/+1 vorpal halberd (4)]
 27698 | Snake:4  | Killed from afar by a salamander tyrant

Illustrated notes

Levels and vault maps discovered:
D:1:      roderic_crop_circles_arrival_small, layout_rooms
D:2:      layout_basic, ebering_ecumenical_altar_abandoned
D:3:      layout_loops_ring, gup_sewer_entry_bubbles, serial_shops,
          nicolae_shop_statue_plus
D:4:      layout_basic, serial_shops, nicolae_square_shop, shop,
          kennysheep_little_box, nicolae_shop_advertising_works
          [nicolae_subvault_shop_adworks], nicolae_shop_stone
D:5:      layout_rooms, nzn_wu_jian_contemplation, serial_glass,
          glass_columns_c, glass_columns_b, glass_columns_c, glass_columns_a,
          glass_columns_a, glass_columns_b, kennysheep_generic_room_11,
          uniq_grinder
D:6:      layout_loops_ring, overflow_temple_1_default, temple_pool_b,
          minmay_manual_maat
D:7:      layout_basic, lemuel_crystal_altar, grunt_ministairs_6, uniq_duvessa
D:8:      layout_rooms, erik_lair_orcish_takeover, dk_noncrumbling_2, uniq_pikel
D:9:      nicolae_cairo_tiling_large_dashed, layout_loops_ring
D:10:     layout_loops_ring, nzn_makhleb_speed_demon,
          nicolae_uskayaw_dance_hall, kennysheep_ying_yang, david_orc_1_choice,
          enter_trove_6, serial_glass, glass_columns_a, glass_columns_c,
          glass_columns_a, glass_columns_b, uniq_urug
Temple:   minmay_freezing_vapour_temple
Lair:1:   layout_gridlike, special_room [special_room_bee]
Lair:2:   layout_cellular_growth, minmay_swamp_entry_worms,
          minmay_snake_entry_guardpost_small
Lair:3:   minmay_guarded_unrand_snakebite, layout_gridlike,
          portal_ice_cave_entry_ice_simulacra, gammafunk_ghost_icy,
          nicolae_quartered_pool_medium, minmay_lair_oklob_bushes
Lair:4:   layout_cave_pods, minmay_slime_entry_pillars, st_stairs_4
Lair:5:   wormcave, layout_layer_cave, grunt_megastairs_2,
          infiniplex_staircase_pool_2, uniq_snorg
Swamp:1:  layout_falls_marsh, hangedman_swamp_pad, swamp_pool1, uniq_donald
Snake:1:  layout_misc_corridors, nicolae_snake_omega
Snake:2:  layout_misc_corridors
Snake:3:  layout_chambers, serial_shops, shop, nicolae_shop_behind_doors,
          nicolae_snake_snakewalk, grunt_megastairs_1, uniq_vashnia
Snake:4:  grunt_snake_rune_pools, layout_onion_interference, serial_shops, shop,
          basic_altar, serial_bayou_shore_a

Skill      XL: |  1  2  3  4  5  6  7  8  9 10 11 12 13 14 15 16 |
---------------+-------------------------------------------------+-----
Long Blades    | 3 4 5 6 7 8 9 10 11 12 13 | 13.7
Dodging        | 3 4 |  4.5
Armour         | 1 2 3 4 5 6 7 9 10 | 10.6
Shields        | 1 2 3 5 8 11 13 14 15 16 | 16.2
Fighting       | 3 4 5 6 7 8 9 10 | 10.7
Throwing       | 2 4 5 6 7 8 9 10 | 10.0
Evocations     | 1 3 4 6 7 8 |  8.3
Stealth        | 1 2 |  2.3
Invocations    | 3 6 8 10 11 | 11.0
Spellcasting   | 4 |  4.0
Air Magic      | 3 |  3.9
Short Blades   | |  0.6

Action                   |  1- 3 |  4- 6 |  7- 9 | 10-12 | 13-15 | 16-18 || total
-------------------------+-------+-------+-------+-------+-------+-------++-------
Melee: Long sword        |   131 |    91 |   140 |       |       |       ||   362
       Punch             |     1 |       |       |       |       |       ||     1
       Rapier            |       |    55 |       |       |       |       ||    55
       Scimitar          |       |       |    83 |   507 |   941 |   333 ||  1864
Throw: Boomerang         |     1 |     8 |    48 |   200 |    72 |    22 ||   351
       Throwing net      |       |       |     4 |       |       |       ||     4
       Dart              |       |       |    19 |    11 |    41 |       ||    71
       Javelin           |       |       |     7 |       |    32 |    11 ||    50
       Stone             |       |       |       |    23 |    76 |    13 ||   112
Invok: Elemental Force   |       |       |       |       |     1 |     2 ||     3
       Upheaval          |       |       |       |       |     4 |     2 ||     6
Evoke: Wand              |       |       |     6 |     7 |    13 |     9 ||    35
  Use: Scroll            |     5 |     7 |     3 |     4 |    13 |     4 ||    36
       Potion            |       |       |     4 |     6 |    12 |     5 ||    27
 Stab: Distracted        |       |       |       |       |     3 |     1 ||     4
Armor: Leather armour    |    18 |       |       |       |       |       ||    18
       Ring mail         |     9 |       |       |       |       |       ||     9
       Chain mail        |    36 |    89 |    73 |       |       |       ||   198
       Plate armour      |       |       |    36 |   181 |   237 |    88 ||   542
       Skin              |       |       |       |       |    11 |       ||    11
Dodge: Dodged            |    83 |    71 |    66 |   124 |   179 |    53 ||   576
       Repelled          |       |       |       |     7 |    22 |     6 ||    35
Block: Kite shield       |       |    71 |   165 |   616 |  1137 |   428 ||  2417
       Reflection        |       |       |     4 |    13 |   124 |    43 ||   184

Table legend: (Time is in decaauts)
 A = Elapsed time spent in this place.
 B = Non-inter-level travel time spent in this place.
 C = Inter-level travel time spent in this place.
 D = Time resting spent in this place.
 E = Time spent auto-exploring this place.
 F = Levels seen in this place.
 G = Mean time per level.
                   A        B        C        D        E       F      G
               +--------+--------+--------+--------+--------+-----+--------+
         Total |  27855 |  26710 |   1145 |   8718 |  12190 |  22 | 1266.1 |
       Dungeon |   7577 |   7170 |    407 |   1199 |   4130 |  10 |  757.7 |
        Temple |     24 |     18 |      6 |      0 |      0 |   1 |   24.0 |
          Lair |   9466 |   8871 |    595 |   2468 |   4680 |   5 | 1893.2 |
         Swamp |    104 |    104 |      0 |     11 |     22 |   1 |  104.0 |
     Snake Pit |  10128 |   9993 |    135 |   4905 |   3356 |   4 | 2532.0 |
         Sewer |    553 |    553 |      0 |    134 |      1 |   1 |  553.0 |
               +--------+--------+--------+--------+--------+-----+--------+

Top non-repeatable levels by time:
 Snake:3: 5063 daAuts
 Snake:1: 2762 daAuts
  Lair:5: 2637 daAuts
  Lair:2: 2020 daAuts
  Lair:3: 1792 daAuts
  Lair:4: 1664 daAuts
 Snake:2: 1504 daAuts
     D:8: 1368 daAuts
  Lair:1: 1352 daAuts
     D:6: 1276 daAuts
     D:3: 996 daAuts
     D:7: 946 daAuts
 Snake:4: 798 daAuts
     D:2: 798 daAuts
     D:4: 797 daAuts
